Map: [ESL] Gresvan

Players

TeebuL

  • Race: Protoss Protoss
  • Spawn Location: 11:00

IGXY (XY) - Winner!

  • Race: Terran Terran
  • Spawn Location: 5:00

Event: ESL SC2 Masters 2023 Summer (Regionals)

VOD

Have the link to the VOD?

Description

Time

  • Played on: May 2, 2023, 7:34 a.m.
  • Length: 8:29

All games in this series

Show
View Real Time Build Order
Export as new Build Order

TeebuL Protoss 

Build Orders: Oracle Opening, Blink Stalkers 

Get SALT Encoding   

  12  0:00  Probe  
  13  0:12  Pylon  
  13  0:17  Probe  
  14  0:31  Gateway  
  14  0:33  Probe (Chrono Boost)  
  15  0:42  Probe (Chrono Boost), Assimilator  
  16  0:47  Probe (Chrono Boost)  
  17  0:54  Assimilator  
  17  0:59  Probe  
  18  1:11  Probe  
  19  1:18  Cybernetics Core  
  19  1:22  Pylon  
  19  1:23  Zealot  
  21  1:29  Probe  
  22  1:41  Probe  
  23  1:53  Probe  
  24  1:54  Adept (Chrono Boost), Stargate  
  24  2:00  Warp Gate  
  26  2:06  Probe  
  27  2:16  Pylon  
  27  2:36  Oracle (Chrono Boost)  
  27  2:44  Probe  
  31  2:52  Nexus  
  31  2:57  Probe  
  32  3:05  Twilight Council  
  32  3:09  Probe  
  33  3:21  Probe  
  34  3:33  Probe, Gateway  
  35  3:36  Pylon  
  35  3:39  Blink (Chrono Boost)  
  35  3:48  Stalker  
  35  3:49  Probe  
  36  3:56  Shield Battery  
  36  4:01  Probe  
  35  4:04  Probe  
  36  4:12  Stalker  
  36  4:13  Probe  
  39  4:17  Probe  
  37  4:27  Stalker  
  37  4:28  Probe  
  37  4:29  Probe  
  41  4:34  Phoenix  
  41  4:37  Stalker  
  45  4:41  Probe  
  46  4:46  Probe  
  46  4:48  Pylon  
  47  4:53  Stalker  
  47  4:57  Probe  
  50  5:03  Probe  
  51  5:09  Probe  
  52  5:15  Charge (Chrono Boost), Stalker  
  52  5:19  Probe  
  52  5:21  Nexus  
  55  5:23  Pylon  
  55  5:26  Probe  
  56  5:31  Probe  
  57  5:38  Probe  
  58  5:43  Probe  
  58  5:49  Templar Archives  
  57  5:53  Gateway x2  
  57  5:54  Stalker  
  57  5:55  Gateway  
  58  5:58  Probe  
  58  6:09  Probe  
  59  6:14  Stalker  
  59  6:17  Pylon, Gateway  
  59  6:26  Probe  
  59  6:27  Zealot  
  59  6:30  Probe  
  63  6:38  Pylon, Shield Battery  
  63  6:40  Probe, Zealot  
  66  6:55  Zealot x4  
  74  7:01  Probe  
  74  7:06  Pylon, Zealot  
  74  7:07  Probe, Pylon  
  78  7:10  Gateway  
  78  7:11  Probe, Gateway  
  78  7:12  Zealot  
  78  7:13  Probe  
  80  7:16  Zealot x2  
  54  7:30  Stalker  
  54  7:35  Gateway  
  56  7:40  Zealot  
  57  7:54  Zealot  
  57  7:56  Pylon  
  59  7:59  Pylon  
  59  8:02  Zealot, Gateway x2  
  61  8:07  Zealot x2  
  61  8:13  Stalker x2  
  61  8:17  Zealot  
Show
View Real Time Build Order
Export as new Build Order

IGXY Terran - Winner!

Build Orders:  

Get SALT Encoding   

  12  0:00  SCV  
  13  0:12  SCV  
  14  0:17  Supply Depot  
  14  0:24  SCV  
  15  0:38  Barracks, SCV  
  16  0:42  Refinery  
  16  0:50  SCV  
  17  1:02  SCV  
  18  1:14  SCV  
  19  1:25  Barracks Reactor  
  19  1:27  Orbital Command  
  19  1:38  Command Center  
  19  1:49  Supply Depot  
  19  1:52  SCV  
  20  2:01  Marine x2  
  20  2:04  SCV  
  23  2:11  Factory  
  23  2:16  SCV  
  23  2:19  Marine x2  
  26  2:23  Refinery  
  26  2:28  SCV  
  27  2:36  Marine  
  27  2:37  Marine  
  28  2:40  SCV  
  30  2:52  SCV  
  31  2:59  Starport  
  31  3:00  Orbital Command  
  31  3:04  Hellion  
  31  3:05  Hellion  
  35  3:06  SCV  
  35  3:09  Barracks Tech Lab  
  36  3:14  Supply Depot  
  36  3:18  SCV  
  34  3:33  SCV  
  35  3:34  SCV  
  39  3:41  Cyclone  
  39  3:45  SCV  
  39  3:47  Marine x2  
  42  3:50  SCV  
  42  3:54  Supply Depot  
  43  3:58  SCV  
  43  4:02  SCV  
  45  4:05  Marine x2  
  47  4:10  SCV  
  47  4:14  SCV  
  47  4:15  Starport Tech Lab  
  47  4:16  Supply Depot  
  49  4:22  SCV  
  50  4:24  Marine x2  
  50  4:26  SCV  
  50  4:29  Siege Tank  
  56  4:34  SCV  
  56  4:37  Raven  
  59  4:39  SCV  
  59  4:45  Marine x2  
  60  4:46  SCV  
  60  4:51  SCV, Supply Depot  
  64  4:57  Barracks  
  64  4:58  Barracks  
  62  5:03  Marine x2  
  62  5:04  Siege Tank  
  62  5:06  SCV x2  
  69  5:11  Supply Depot  
  69  5:18  SCV x2  
  69  5:21  Engineering Bay, Refinery  
  71  5:22  Starport Reactor  
  71  5:27  Marine x2  
  73  5:30  SCV x2  
  73  5:33  Refinery, Supply Depot  
  75  5:39  Siege Tank  
  79  5:42  SCV  
  79  5:43  SCV  
  80  5:50  Supply Depot  
  80  5:51  Terran Infantry Weapons Level 1  
  80  5:54  SCV, Barracks Tech Lab  
  80  5:56  SCV  
  80  5:57  Supply Depot  
  82  6:00  Marine  
  82  6:02  Stimpack  
  83  6:04  Marine x2  
  83  6:07  SCV  
  84  6:12  SCV  
  84  6:14  Marine  
  84  6:18  Marine, Supply Depot  
  87  6:19  SCV  
  87  6:21  Command Center  
  87  6:24  SCV  
  87  6:25  Marauder  
  88  6:26  Marine  
  88  6:27  Combat Shield  
  91  6:32  Marauder  
  91  6:34  SCV  
  91  6:39  Marine  
  93  6:43  SCV  
  93  6:44  Marine  
  93  6:45  Barracks  
  93  6:46  SCV  
  94  6:47  Barracks  
  92  6:59  Marine  
  92  7:00  Marauder x2  
  97  7:02  Marine, Medivac x2  
  97  7:07  SCV  
  103  7:17  Marine  
  103  7:20  Marine, Factory Reactor  
  103  7:21  Marine, Marauder  
  104  7:29  SCV x2  
  98  7:35  Marine  
  99  7:37  Marine  
  99  7:38  Marine  
  99  7:39  Barracks Tech Lab  
  99  7:40  Barracks Reactor  
  99  7:41  SCV  
  99  7:42  Marine  
  103  7:46  Medivac x2  
  103  7:49  SCV  
  108  7:53  Marine, SCV  
  108  7:55  Marine  
  108  7:57  Marauder  
  112  8:00  Marauder  
  112  8:01  Widow Mine, SCV  
  112  8:04  Orbital Command  
  117  8:06  SCV, Missile Turret  
  117  8:11  Marine  
  125  8:21  Ghost Academy  
Tags
 
Add a new tag
Caveats
  • Supply blocks, unpowered buildings, or Contaminate may cause inaccurate times.
  • Supply counts are checked every 10 seconds.